AoeStats
← {WaZzU'P} Recluta4!

Fortress

510197311Analyzed
4v4 RM · 1d ago on Sep 29, 2026· 92m 9s· 8 players
Game mode
Random Map
Map size
Huge
Population
200
Speed
Normal
Resources
Standard
Victory
Conquest
Starting age
Dark Age
Ending age
Imperial Age
RankedLock teamsTeams togetherTeam positionsShared explorationLock speedFull tech treeHidden civsTurbo modeCheats
Victory
Defeat
🇲🇦 Saracens · Morocco
1270
+11
🇲🇦 Hindustanis · Morocco
1125
+17
🇲🇦 Magyars · Morocco
1055
+20
🇲🇦 Britons · Morocco
1044
+20
🇺🇸 Byzantines · United States
1259
-21
🇨🇭 Spanish · Switzerland
1165
-18
🇦🇷 Mongols · Argentina
1120
-16
🇻🇪 Burgundians · Venezuela
1046
-13
soy el Nico
6:33 Feudal Age
8:36 Double-Bit Axe
12:15 Castle Age
13:48 Bow Saw
13:21 Horse Collar
18:34 Bloodlines
18:26 Loom
18:34 Fletching
20:36 Husbandry
21:56 Wheelbarrow
22:22 Bodkin Arrow
22:44 Padded Archer Armor
23:46 Fortified Wall
23:02 Elite Skirmisher
25:03 Leather Archer Armor
25:29 Scale Barding Armor
25:28 Gold Mining
25:50 Town Watch
31:13 Imperial Age
29:36 Gold Shaft Mining
29:34 Chain Barding Armor
29:30 Masonry
30:32 Forging
31:59 Bracer
33:02 Chemistry
32:17 Light Cavalry
33:45 Iron Casting
33:50 Hussar
39:54 Capped Ram
41:24 Murder Holes
41:24 Siege Ram
42:09 Siege Ram
48:55 Conscription
49:38 Ballistics
55:23 Thumb Ring
58:57 Iron Casting
57:55 Elite Steppe Lancer
62:00 Guard Tower
74:31 Squires
74:35 Pikeman
80:38 Scale Mail Armor
81:49 Arson
85:26 Chain Mail Armor
86:12 Blast Furnace
{WaZzU'P} GranPolo
8:07 Feudal Age
12:12 Castle Age
15:15 Wheelbarrow
15:31 Double-Bit Axe
15:31 Horse Collar
16:28 Hand Cart
19:53 Heavy Plow
21:29 Bow Saw
22:21 Gold Mining
22:22 Stone Mining
25:14 Imperial Age
23:19 Town Watch
24:19 Town Patrol
24:58 Padded Archer Armor
25:52 Ballistics
27:54 Chemistry
27:09 Bloodlines
27:57 Leather Archer Armor
29:34 Devotion
30:49 Elite Conquistador
31:21 Light Cavalry
32:28 Husbandry
32:58 Forging
32:54 Scale Barding Armor
32:39 Hussar
34:49 Chain Barding Armor
34:30 Scale Mail Armor
35:06 Iron Casting
37:38 Ring Archer Armor
39:54 Blast Furnace
39:30 Plate Barding Armor
41:58 Fletching
44:49 Bodkin Arrow
49:18 Bracer
51:31 Thumb Ring
53:21 Conscription
54:18 Caravan
54:49 Coinage
59:45 Elite Skirmisher
62:49 Two-Man Saw
75:21 Scale Mail Armor
75:31 Pikeman
75:56 Arson
76:12 Squires
75:58 Gambesons
76:33 Chain Mail Armor
76:03 Halberdier
78:05 Banking
77:46 Guilds
82:51 Plate Mail Armor
{WaZzU'P} Recluta4!
7:47 Feudal Age
12:03 Castle Age
10:17 Horse Collar
11:28 Double-Bit Axe
13:13 Bow Saw
13:15 Heavy Plow
17:03 Loom
18:00 Wheelbarrow
19:15 Hand Cart
23:41 Imperial Age
22:03 Gold Mining
22:05 Stone Mining
23:19 Scale Barding Armor
23:38 Forging
24:34 Chain Barding Armor
26:36 Logistica
28:02 Conscription
29:01 Plate Barding Armor
29:36 Two-Man Saw
29:12 Gold Shaft Mining
30:17 Iron Casting
29:48 Elite Cataphract
34:07 Husbandry
33:56 Light Cavalry
35:09 Hussar
38:21 Hoardings
42:04 Caravan
42:15 Guilds
43:04 Stone Shaft Mining
42:20 Fletching
42:56 Ballistics
44:00 Bodkin Arrow
44:02 Murder Holes
47:06 Bracer
58:18 Crop Rotation
58:22 Coinage
69:33 Capped Ram
70:36 Siege Ram
76:57 Heavy Camel Rider
{WaZzU'P} Sr Gilmapi
1:13 Loom
2:31 Horse Collar
2:47 Double-Bit Axe
7:47 Feudal Age
7:08 Gold Mining
7:04 Horse Collar
7:53 Stone Mining
10:11 Bow Saw
14:22 Castle Age
12:53 Heavy Plow
14:28 Cavalier
17:50 Scale Barding Armor
18:45 Forging
21:11 Chain Barding Armor
24:02 Iron Casting
33:44 Imperial Age
31:54 Wheelbarrow
34:30 Husbandry
35:10 Plate Barding Armor
37:21 Blast Furnace
36:47 Paladin
46:24 Hand Cart
46:43 Caravan
58:28 Burgundian Vineyards
66:05 Two-Man Saw
65:39 Crop Rotation
65:50 Gold Shaft Mining
75:48 Flemish Revolution
76:29 Scale Mail Armor
77:45 Chain Mail Armor
82:34 Fletching
82:59 Squires
85:02 Plate Mail Armor
87:50 Arson
camel-number11
5:08 Loom
7:43 Feudal Age
8:22 Double-Bit Axe
8:19 Horse Collar
9:38 Gold Mining
9:39 Stone Mining
14:21 Castle Age
17:13 Wheelbarrow
17:33 Heavy Plow
18:08 Bow Saw
18:54 Town Watch
22:40 Hand Cart
23:48 Corvinian Army
24:02 Bloodlines
23:53 Husbandry
28:31 Imperial Age
27:30 Thumb Ring
28:34 Scale Barding Armor
28:30 Padded Archer Armor
28:20 Fletching
29:27 Ballistics
29:34 Conscription
29:51 Murder Holes
30:30 Recurve Bow
31:48 Crop Rotation
31:01 Elite Magyar Huszar
31:46 Bodkin Arrow
32:17 Heavy Cavalry Archer
33:39 Chain Barding Armor
34:14 Bracer
35:54 Chemistry
35:12 Leather Archer Armor
35:56 Parthian Tactics
37:07 Ring Archer Armor
37:15 Plate Barding Armor
41:17 Scale Mail Armor
42:11 Caravan
Rock_Bottom
7:45 Feudal Age
8:35 Double-Bit Axe
8:41 Horse Collar
12:56 Castle Age
10:50 Stone Mining
11:16 Gold Mining
11:21 Horse Collar
14:11 Bow Saw
16:17 Wheelbarrow
17:44 Hand Cart
21:53 Imperial Age
20:35 Heavy Plow
21:46 Gold Shaft Mining
21:51 Loom
21:58 Loom
24:32 Chemistry
24:53 Padded Archer Armor
27:54 Leather Archer Armor
30:01 Ring Archer Armor
30:54 Conscription
32:47 Fletching
33:36 Bodkin Arrow
34:58 Caravan
35:44 Siege Engineers
36:48 Masonry
36:39 Bracer
37:00 Ballistics
37:53 Two-Man Saw
38:34 Coinage
38:16 Pikeman
38:56 Squires
38:42 Gambesons
38:43 Arson
39:09 Forging
39:00 Scale Mail Armor
41:09 Murder Holes
45:49 Chain Mail Armor
46:09 Iron Casting
49:08 Plate Mail Armor
49:39 Blast Furnace
52:29 Banking
56:03 Arrowslits
56:08 Guard Tower
56:29 Fortified Wall
59:54 Capped Ram
61:24 Elite Mameluke
62:39 Hoardings
62:15 Bimaristan
62:17 Counterweights
61:41 Siege Ram
63:42 Keep
87:08 Thumb Ring
II ZAN II
10:04 Feudal Age
8:26 Loom
14:13 Castle Age
12:10 Stone Mining
12:06 Horse Collar
12:13 Double-Bit Axe
16:25 Bow Saw
16:17 Heavy Plow
18:16 Gold Mining
22:09 Gold Shaft Mining
28:52 Imperial Age
26:59 Wheelbarrow
26:15 Pikeman
30:43 Fletching
30:54 Padded Archer Armor
30:56 Scale Mail Armor
31:06 Forging
31:43 Bodkin Arrow
32:51 Ballistics
33:32 Chemistry
32:42 Bracer
33:00 Leather Archer Armor
32:28 Halberdier
35:08 Conscription
34:12 Elite Longbowman
35:14 Scale Mail Armor
35:25 Forging
36:13 Conscription
36:29 Chain Mail Armor
38:15 Iron Casting
38:10 Plate Mail Armor
40:49 Blast Furnace
40:20 Ring Archer Armor
41:42 Treadmill Crane
46:43 Yeomen
46:42 Fortified Wall
62:04 Caravan
68:46 Hand Cart
68:18 Town Watch
70:18 Town Patrol
70:49 Scale Barding Armor
74:14 Guilds
CHUCKY[WASK]
7:15 Feudal Age
11:55 Castle Age
9:47 Double-Bit Axe
9:46 Horse Collar
11:10 Loom
12:38 Wheelbarrow
12:00 Gold Mining
14:22 Bow Saw
15:42 Heavy Plow
21:36 Scale Barding Armor
22:23 Bloodlines
23:47 Chain Barding Armor
27:22 Gold Shaft Mining
31:29 Imperial Age
29:50 Hand Cart
31:32 Forging
32:28 Heavy Camel Rider
34:27 Iron Casting
42:26 Caravan
49:32 Plate Barding Armor
49:58 Blast Furnace
48:40 Imperial Camel Rider
51:36 Two-Man Saw
59:20 Husbandry
59:57 Town Watch
65:21 Conscription
Connection lost

Rejoining the realm…

Still unreachable

The connection could not be restored.

Session expired

The server has moved on; the page needs a fresh start.